 Dungeon Crawl Stone Soup version 0.28.0-45-g0d030f2227 (webtiles) character file.

Game seed: 17081754094453532698

771 croobank the Slinger (level 7, -7/56 HPs)
             Began as a Gnoll Wanderer on Apr 3, 2022.
             Killed by divine providence
             ... invoked by an orc priest
              (10 damage)
             ... on level 5 of the Dungeon.
             The game lasted 00:13:26 (3937 turns).

croobank the Slinger (Gnoll Wanderer)               Turns: 3937, Time: 00:13:27

Health: -7/56      AC:  3    Str: 12    XL:     7   Next: 83%
Magic:  15/15      EV: 12    Int: 10    God:
Gold:   155        SH:  0    Dex: 14    Spells: 14/17 levels left

rFire   . . .      SeeInvis .   b - +3 hunting sling
rCold   . . .      Faith    .   (no shield)
rNeg    . . .      Spirit   .   c - +0 robe
rPois   .          Reflect  .   (no helmet)
rElec   .          Harm     .   (no cloak)
rCorr   .          Rampage  .   p - +0 pair of gloves
Will    .....                   (no boots)
Stlth   ++........              (no amulet)
HPRegen 0.18/turn               (no ring)
MPRegen 0.14/turn               (no ring)

@: about to teleport
A: fangs 1, strong nose, distributed training
a: no special abilities


You were on level 5 of the Dungeon.
You visited 1 branch of the dungeon, and saw 5 of its levels.

You collected 155 gold pieces.

Inventory:

Hand Weapons
 a - a +0 short sword
 b - a +3 hunting sling (weapon)
 r - a +0 whip of electrocution
Missiles
 d - 48 stones (quivered ammo)
 f - 6 boomerangs
 k - 139 arrows
 m - 13 bolts
 s - 2 poisoned darts
Armour
 c - a +0 robe (worn)
 l - a +0 ring mail
 p - a +0 pair of gloves (worn)
Wands
 q - a wand of paralysis (14)
Scrolls
 i - 2 scrolls of vulnerability
 j - 2 scrolls of noise
 n - a scroll of magic mapping
 o - a scroll of immolation
 t - a scroll of teleportation
Potions
 g - a potion of mutation


   Skills:
 + Level 5.4 Fighting
 + Level 2.7 Short Blades
 + Level 2.7 Long Blades
 + Level 2.7 Axes
 + Level 2.7 Maces & Flails
 + Level 2.7 Polearms
 + Level 2.7 Staves
 + Level 10.8 Slings
 + Level 2.7 Bows
 + Level 2.7 Crossbows
 + Level 2.7 Throwing
 + Level 2.7 Armour
 + Level 2.7 Dodging
 + Level 2.7 Stealth
 + Level 2.7 Shields
 + Level 2.7 Unarmed Combat
 + Level 5.7 Spellcasting
 + Level 2.2 Conjurations
 + Level 2.2 Hexes
 + Level 3.1 Summonings
 + Level 2.2 Necromancy
 + Level 2.2 Translocations
 + Level 2.2 Transmutations
 + Level 2.2 Fire Magic
 + Level 2.2 Ice Magic
 + Level 2.2 Air Magic
 + Level 2.2 Earth Magic
 + Level 2.2 Poison Magic
 + Level 3.0 Invocations
 + Level 2.7 Evocations


You had 14 spell levels left.
You knew the following spells:

 Your Spells              Type           Power      Damage    Failure   Level
a - Summon Small Mammal   Summ           36%        N/A       6%          1
b - Searing Ray           Conj           14%        2d5       13%         2

Your spell library contained the following spells:

 Spells                   Type           Power      Damage    Failure   Level
 Magic Dart               Conj           28%        1d4       9%          1
 Call Canine Familiar     Summ           9%         N/A       17%         3
 Fulminant Prism          Conj/Hex       3%         3d6       63%         4


Dungeon Overview and Level Annotations

Branches:
Dungeon (5/15)             Temple (0/1) D:5

Altars:
Makhleb
Xom
Yredelemnul

Shops:
D:2 (

Annotations:
D:3 2 runed translucent doors
D:4 1 runed translucent door, Crazy Yiuf


Innate Abilities, Weirdness & Mutations

You have very sharp teeth.
Your uncanny sense of smell can sniff out nearby items.
Your experience applies equally to all skills.


Message History

* * * LOW HITPOINT WARNING * * *
You hit the orc priest.
The orc priest is almost dead.
The orc priest barely misses you.
You hit the orc priest but do no damage.
The orc priest is almost dead.
The orc priest misses you.
You hit the orc priest but do no damage.
You bite the orc priest, but do no damage.
The orc priest is almost dead.
The orc priest invokes the aid of Beogh against you.
You struggle to resist.
You closely miss the orc priest.
The orc priest is severely wounded.
The orc priest hits you with a +0 flail!
* * * LOW HITPOINT WARNING * * *
Throw: 49 stones
Press: ? - help, Q - select action, (/) - cycle Shift-Dir - straight line, f/p - orc priest
Aim: an orc priest, wielding a +0 flail and wearing a +0 chain mail (severely wounded, 69% to hit)
Okay, then.
b - a +3 hunting sling (weapon)
You are too injured to fight recklessly!
Fire: 49 stones
Press: ? - help, Q - select action, (/) - cycle Shift-Dir - straight line, f/p - orc priest
Aim: an orc priest, wielding a +0 flail and wearing a +0 chain mail (severely wounded, 75% to hit)
You shoot a stone.
The stone hits the orc priest but does no damage.
The orc priest is severely wounded.
The orc priest hits you with a +0 flail.
* * * LOW HITPOINT WARNING * * *
Okay, then.
As you read the scroll labelled LOAKHO YRUOWN, it crumbles to dust.
You feel strangely unstable.
It was a scroll of teleportation.
The orc priest hits you with a +0 flail.
* * * LOW HITPOINT WARNING * * *
The orc priest looks encouraged for a moment.
You see here 2 stones.
The orc priest calls down the wrath of Beogh upon you.
Beogh smites you!
You die...

#..# *,* *,,,,* ...# *,* *,**,**
...# #####*,* **,,,,,**
##.####...,,,* **,***,,,**
#......#***##### **,*****,,,,
##.###..# ##...## **,**,#*,,,**
........####.....####..#..(,,,,,,
.#....................#.(.>,,*,,*
..####..####)...@####)(((..,***,*
..# #...# ##....(.ol(#***,,***,,
..#**#...# ###..###.##****,,**,,
....*#.#.# #..# *..#*,,,*,,**,
###.##.#.# #..# *....,*,,,,,,* #
*....#.# #..#**.##..***,**,,
***,*#.*.# ***#...∆,..∆....,,,,**
,,,,,,,*,* *,,....,*##*,...,,,,,,
*,****,*,* *,*#.#.** **,##,,,,,,


You could see an iguana and an orc priest.

Vanquished Creatures
  A necrophage (D:4)
  An ogre (D:4)
  A centaur (D:4)
  A phantom (D:4)
  3 scorpions (D:4)
  A centaur zombie (D:4)
  2 hounds
  A bullfrog skeleton (D:5)
  An iguana (D:4)
  A hound skeleton (D:4)
  A gnoll (D:4)
  3 adders
  An adder skeleton (D:4)
  A worm (D:4)
  3 dart slugs
  4 orcs (D:5)
  6 ball pythons
  7 bats
  2 endoplasms
  2 giant cockroaches
  3 goblins
  6 hobgoblins
  4 jackals (D:1)
  A quokka (D:4)
  3 kobolds
  A quokka skeleton (D:4)
  2 rats
63 creatures vanquished.

Notes
Turn   | Place    | Note
-------+----------+-------------------------------------------
     0 | D:1      | Reached skill level 10 in Slings
     0 | D:1      | croobank the Gnoll Wanderer began the quest for the Orb.
     0 | D:1      | croobank set off with the following items: a +3 hunting
                  | sling, 19 sling bullets, a +0 robe; and the following spell
                  | memorised: Summon Small Mammal; and the following spells
                  | available to memorise: Call Canine Familiar
     0 | D:1      | Reached XP level 1. HP: 20/20 MP: 6/6
    72 | D:1      | Reached XP level 2. HP: 26/26 MP: 7/7
   122 | D:1      | Learned a level 2 spell: Searing Ray
   276 | D:1      | Found a faded altar of an unknown god.
   925 | D:2      | Reached XP level 3. HP: 31/31 MP: 9/9
   934 | D:2      | Reached skill level 5 in Spellcasting
   934 | D:2      | Found Dyigimnu's Weapon Shoppe.
  1114 | D:2      | Reached skill level 1 in Invocations
  1486 | D:3      | Found a large runed translucent door.
  1490 | D:3      | Found a large runed translucent door.
  1490 | D:3      | Found a shimmering altar of Xom.
  1562 | D:3      | Reached skill level 1 in Short Blades
  1562 | D:3      | Reached skill level 1 in Long Blades
  1562 | D:3      | Reached skill level 1 in Axes
  1562 | D:3      | Reached skill level 1 in Maces & Flails
  1562 | D:3      | Reached skill level 1 in Polearms
  1562 | D:3      | Reached skill level 1 in Staves
  1562 | D:3      | Reached skill level 1 in Bows
  1562 | D:3      | Reached skill level 1 in Crossbows
  1562 | D:3      | Reached skill level 1 in Throwing
  1562 | D:3      | Reached skill level 1 in Armour
  1562 | D:3      | Reached skill level 1 in Dodging
  1562 | D:3      | Reached skill level 1 in Stealth
  1562 | D:3      | Reached skill level 1 in Shields
  1562 | D:3      | Reached skill level 1 in Unarmed Combat
  1562 | D:3      | Reached skill level 1 in Evocations
  1593 | D:3      | Found a basalt altar of Yredelemnul.
  2076 | D:3      | Reached XP level 4. HP: 38/38 MP: 11/11
  2347 | D:4      | Noticed a scorpion
  2383 | D:4      | Noticed a scorpion
  2383 | D:4      | Found a burning altar of Makhleb.
  2387 | D:4      | Killed a scorpion
  2388 | D:4      | Reached skill level 1 in Conjurations
  2388 | D:4      | Reached skill level 1 in Hexes
  2388 | D:4      | Reached skill level 1 in Necromancy
  2388 | D:4      | Reached skill level 1 in Translocations
  2388 | D:4      | Reached skill level 1 in Transmutations
  2388 | D:4      | Reached skill level 1 in Fire Magic
  2388 | D:4      | Reached skill level 1 in Ice Magic
  2388 | D:4      | Reached skill level 1 in Air Magic
  2388 | D:4      | Reached skill level 1 in Earth Magic
  2388 | D:4      | Reached skill level 1 in Poison Magic
  2388 | D:4      | Reached XP level 5. HP: 43/43 MP: 12/12
  2545 | D:4      | Noticed an ogre
  2553 | D:4      | Killed an ogre
  2563 | D:4      | Reached XP level 6. HP: 43/50 MP: 13/13
  2634 | D:4      | Noticed a necrophage
  2650 | D:4      | Killed a necrophage
  2651 | D:4      | Reached skill level 5 in Fighting
  2985 | D:4      | Reached XP level 7. HP: 55/56 MP: 5/15
  3353 | D:4      | Found a runed translucent door.
  3355 | D:4      | Noticed Crazy Yiuf
  3780 | D:5      | Entered Level 5 of the Dungeon
  3901 | D:5      | Found a staircase to the Ecumenical Temple.
  3935 | D:5      | HP: 2/56 [orc priest/+0 flail (1)]
  3937 | D:5      | Killed from afar by an orc priest

Illustrated notes

Levels and vault maps discovered:
D:1:      lightli_arrival_boilingwater, layout_basic,
          ebering_ecumenical_altar_hall
D:2:      layout_rooms, serial_shops, nicolae_shop_bloodbath_and_beyond,
          st_stairs_14, nicolae_underground_beach
D:3:      due_chaos_kobolds, layout_basic, mainiacjoe_overflow_chevrons
D:4:      layout_cave_pools, bloody_makhleb, kennysheep_path_1,
          minmay_misc_feat_cross, kennysheep_doodads, grunt_ministairs_10,
          minmay_surrounded, uniq_crazy_yiuf_cottage
D:5:      layout_loops_ring, ashenzari_conservatory_becter,
          minmay_temple_entry_wispy, lightli_church_of_beogh

Skill      XL: |  1  2  3  4  5  6  7 |
---------------+----------------------+-----
Slings         | | 10.8
Summonings     | 2 3 |  3.1
Spellcasting   | 5 |  5.7
Invocations    | 1 2 3 |  3.0
Short Blades   | 1 2 |  2.7
Long Blades    | 1 2 |  2.7
Axes           | 1 2 |  2.7
Maces & Flails | 1 2 |  2.7
Polearms       | 1 2 |  2.7
Staves         | 1 2 |  2.7
Bows           | 1 2 |  2.7
Crossbows      | 1 2 |  2.7
Throwing       | 1 2 |  2.7
Armour         | 1 2 |  2.7
Dodging        | 1 2 |  2.7
Stealth        | 1 2 |  2.7
Shields        | 1 2 |  2.7
Unarmed Combat | 1 2 |  2.7
Evocations     | 1 2 |  2.7
Conjurations   | 1 2 |  2.2
Hexes          | 1 2 |  2.2
Necromancy     | 1 2 |  2.2
Translocations | 1 2 |  2.2
Transmutations | 1 2 |  2.2
Fire Magic     | 1 2 |  2.2
Ice Magic      | 1 2 |  2.2
Air Magic      | 1 2 |  2.2
Earth Magic    | 1 2 |  2.2
Poison Magic   | 1 2 |  2.2
Fighting       | 5 |  5.4

Action                   |  1- 3 |  4- 6 |  7- 9 || total
-------------------------+-------+-------+-------++-------
Melee: Short sword       |    10 |    10 |    18 ||    38
       Bite              |       |     2 |     4 ||     6
 Fire: Hunting sling     |    79 |    36 |    76 ||   191
 Cast: Searing Ray       |       |     6 |     3 ||     9
       Summon Small Mamm |       |     2 |       ||     2
  Use: Scroll            |     2 |       |     5 ||     7
       Potion            |       |     1 |       ||     1
Armor: Robe              |     6 |     7 |     6 ||    19
Dodge: Dodged            |     7 |    11 |    20 ||    38
